 Dungeon Crawl Stone Soup version 0.17.1-3-g152610e (webtiles) character file.

281 Alarkh the Ruffian (level 6, 0/47 HPs)
             Began as a Draconian Transmuter on Apr 25, 2016.
             Succumbed to Robin's poison
             ... on level 2 of the Dungeon.
             The game lasted 00:03:35 (1690 turns).

Alarkh the Ruffian (Draconian Transmuter)           Turns: 1690, Time: 00:03:35

Health: 0/47       AC:  6    Str: 13    XL:     6   Next: 6%
Magic:  13/18      EV: 12    Int: 15    God:
Gold:   69         SH:  0    Dex: 11    Spells: 2 memorised, 5 levels left

rFire  . . .     SeeInvis .       - Unarmed
rCold  . . .     Clarity  .     (armour unavailable)
rNeg   . . .     SustAt   .     (no shield)
rPois  .         Gourm    .     (helmet restricted)
rElec  .         Spirit   .     (no cloak)
rCorr  .         Warding  .     (no gloves)
rMut   .         Stasis   .     (no boots)
MR     .....                    (no amulet)
Stlth  +.........               l - ring of flight
                                j - ring of magical power

@: lethally poisoned (0 -> -1), very slightly contaminated, not resistant to
hostile enchantments, very unstealthy
A: unfitting armour, cold-blooded, AC +6
a: Evoke Flight


You were on level 2 of the Dungeon.
You were very hungry.

You visited 1 branch of the dungeon, and saw 2 of its levels.

You collected 69 gold pieces.

Inventory:

Missiles
 a - 33 arrows
Jewellery
 j - a ring of magical power (left hand)
 l - a ring of flight (right hand)
Scrolls
 d - a scroll of fog {unknown}
 e - 4 scrolls of amnesia {unknown}
 f - a scroll of enchant weapon {unknown}
 h - 3 scrolls of identify {unknown}
Books
 b - a book of Changes

   Spells                             Type                      Level
   a - Beastly Appendage              Transmutation                1
   b - Sticks to Snakes               Transmutation                2
   c - Spider Form                    Transmutation/Poison         3
   d - Ice Form                       Ice/Transmutation            4
   e - Blade Hands                    Transmutation                5
Comestibles
 c - a bread ration
 g - a royal jelly
 i - 2 fruits
 k - 4 chunks of flesh


   Skills:
 - Level 1.1 Fighting
 - Level 1.7 Dodging
 + Level 6.8 Unarmed Combat
 - Level 2.0 Spellcasting
 - Level 2.0 Transmutations


You had 5 spell levels left.
You knew the following spells:

 Your Spells              Type           Power        Failure   Level  Hunger
a - Beastly Appendage     Trmt           #.....       12%         1    #......
b - Spider Form           Trmt/Pois      #.........   43%         3    ###....


Dungeon Overview and Level Annotations

Branches:
Dungeon (2/15)

Altars:


Innate Abilities, Weirdness & Mutations

Your plain brown scales are hard (AC +6).
Your body does not fit into most forms of armour.
You are cold-blooded and may be slowed by cold attacks.


Message History

* * * LOW HITPOINT WARNING * * *
You feel sick.
You see here a dagger.
* * * LOW HITPOINT WARNING * * *
You feel sick.
Items here: ) [[ † a dagger of venom; an animal skin; a helmet; the hobgoblin corpse of Robin
* * * LOW HITPOINT WARNING * * *
You feel sick.
* * * LOW HITPOINT WARNING * * *
You feel sick.
* * * LOW HITPOINT WARNING * * *
You feel sick.
* * * LOW HITPOINT WARNING * * *
You feel sick.
* * * LOW HITPOINT WARNING * * *
You feel sick.
* * * LOW HITPOINT WARNING * * *
You feel sick.
You die...

##.#..#######.#.#
..............#.#
###
####.##########.#
#.. #.# #.# #.# #.#
#.# #.#########
####.# #.#
##.#........ .....#
#.###....#######
######
#.##.....#### .#
#.@.........## .#
#.##g....#...######
.#
#.#................
.#
#.#.######...######
.# #.#g# ##.##
############# #.#.#
#>#
#...........###.#.#
#)#
#.########...##.#g#
#.# #.#
#...........#.# #.#


You could see a goblin.

Vanquished Creatures
  Sigmund (D:2)
  Ijyb (D:2)
  Robin (D:2)
  3 adders (D:2)
  An ooze (D:1)
  A giant gecko (D:1)
  5 bats
  3 giant cockroaches
  6 hobgoblins
  2 jackals (D:2)
  5 kobolds
  2 quokkas (D:2)
  11 giant newts
  12 goblins
  6 rats
60 creatures vanquished.

Notes
Turn   | Place    | Note
--------------------------------------------------------------
     0 | D:1      | Alarkh the Draconian Transmuter began the quest for the Orb.
     0 | D:1      | Reached XP level 1. HP: 16/16 MP: 3/3
   211 | D:1      | Reached XP level 2. HP: 4/23 MP: 3/5
   550 | D:1      | Reached skill level 4 in Unarmed Combat
   837 | D:1      | Reached XP level 3. HP: 23/28 MP: 4/6
  1148 | D:2      | Noticed Sigmund
  1160 | D:1      | Learned a level 3 spell: Spider Form
  1282 | D:2      | Killed Sigmund
  1282 | D:2      | Reached skill level 6 in Unarmed Combat
  1282 | D:2      | Reached XP level 4. HP: 8/35 MP: 7/7
  1282 | D:2      | Reached XP level 5. HP: 9/40 MP: 8/8
  1532 | D:2      | Noticed Ijyb
  1548 | D:2      | Killed Ijyb
  1632 | D:2      | Reached XP level 6. HP: 34/47 MP: 9/9
  1635 | D:2      | Noticed Robin
  1654 | D:2      | Killed Robin
  1672 | D:2      | HP: 2/47 [poisoned by Robin]
  1678 | D:2      | HP: 1/47 [poisoned by Robin]
  1686 | D:2      | HP: 1/47 [poisoned by Robin]
  1690 | D:2      | Succumbed to Robin's poison

Action                   |  1- 3 |  4- 6 || total
-------------------------+-------+-------++-------
Melee: Unarmed           |   135 |    77 ||   212
 Cast: Beastly Appendage |    12 |     1 ||    13
       Spider Form       |     1 |     3 ||     4
  Eat: Chunk             |     2 |     1 ||     3
